MLB
NEW YORK YANKEES @ BOSTON RED SOX
09/09/2019
 
TOP OF THE 1ST
Milwaukee Brewers batting - Pitching for Miami Marlins : LHP Blaine Hardy
Pitching: LHP Blaine Hardy
Batting: LHB Jeff McNeil 0-0: Ball
1-0: Ball
2-0: Fly out, F8 (Flyball, 8LD, EV 108.1 MPH)
Batting: RHB Yonathan Daza 0-0: Ground out 4-3 (Groundball, 4, EV 89.4 MPH)
Batting: RHB Aaron Judge 0-0: Foul Ball, location: 2F
0-1: Foul Ball, location: 2F
0-2: Foul Ball, location: 2F
0-2: Foul Ball, location: 2F
0-2: Ball
1-2: SOLO HOME RUN (Flyball, 9D, EV 95.6 MPH), Distance : 389 ft
Batting: LHB Eric Hosmer 0-0: Called Strike
0-1: Swinging Strike
0-2: Ball
1-2: Strikes out swinging
Top of the 1st over - 1 run, 1 hit, 0 errors, 0 left on base; Milwaukee 1 - Miami 0
BOTTOM OF THE 1ST
Miami Marlins batting - Pitching for Milwaukee Brewers : LHP Yusei Kikuchi
Pitching: LHP Yusei Kikuchi
Batting: LHB [%F] Top of the 1st over - 0 runs, 1 hit, 0 error[%N] 0-1: Hit by Pitch
Batting: LHB David Dahl 0-0: Called Strike
0-1: Foul Ball, location: 2F
0-2: 2-RUN HOME RUN (Line Drive, 89XD, EV 97.5 MPH), Distance : 428 ft
Batting: SHB Francisco Lindor 0-0: Ball
1-0: Ball
2-0: Called Strike
2-1: Fly out, F8 (Flyball, 78M, EV 86.9 MPH)
Batting: RHB Javier Baez 0-0: Fly out, F6 (Popup, 6M, EV 60.0 MPH)
Batting: RHB Miguel Andujar 0-0: Ball
1-0: DOUBLE (Line Drive, 78D, EV 103.1 MPH)
Batting: LHB Max Kepler 0-0: Ball
1-0: Called Strike
1-1: Ball
2-1: Foul Ball, location: 2F
2-2: Strikes out swinging
Bottom of the 1st over - 2 runs, 2 hits, 0 errors, 1 left on base; Milwaukee 1 - Miami 2
TOP OF THE 2ND
Milwaukee Brewers batting - Pitching for Miami Marlins : LHP Blaine Hardy
Batting: RHB Tommy Pham 0-0: Called Strike
0-1: Ball
1-1: Foul Ball, location: 2F
1-2: Ball
2-2: Ground out 4-3 (Groundball, 4, EV 80.6 MPH)
Batting: RHB Addison Russell 0-0: Ball
1-0: Called Strike
1-1: Foul Ball, location: 2F
1-2: Foul Ball, location: 2F
1-2: DOUBLE (Flyball, 8LXD, EV 112.5 MPH)
Batting: RHB Manny Pina 0-0: Fly out, F9 (Line Drive, 9, EV 106.9 MPH)
Batting: LHB Yusei Kikuchi 0-0: Fly out, F8 (Line Drive, 8RM, EV 93.1 MPH)
Top of the 2nd over - 0 runs, 1 hit, 0 errors, 1 left on base; Milwaukee 1 - Miami 2
BOTTOM OF THE 2ND
Miami Marlins batting - Pitching for Milwaukee Brewers : LHP Yusei Kikuchi
Batting: RHB C.J. Cron 0-0: Called Strike
0-1: Foul Ball, location: 2F
0-2: Ground out 5-3 (Groundball, 5, EV 89.4 MPH)
Batting: RHB Luke Maile 0-0: Foul Ball, location: 2F
0-1: Ball
1-1: Called Strike
1-2: Ball
2-2: Ground out 3-1 (Groundball, 34, EV 108.1 MPH)
Batting: LHB Blaine Hardy 0-0: Ball
1-0: Ball
2-0: Ball
3-0: Swinging Strike
3-1: Base on Balls
Batting: LHB Kyle Tucker 0-0: Foul Ball, location: 2F
0-1: Ground out U3 (Groundball, 3S, EV 70.0 MPH)
Bottom of the 2nd over - 0 runs, 0 hits, 0 errors, 1 left on base; Milwaukee 1 - Miami 2
TOP OF THE 3RD
Milwaukee Brewers batting - Pitching for Miami Marlins : LHP Blaine Hardy
Batting: RHB Dawel Lugo 0-0: Called Strike
0-1: Called Strike
0-2: Ball
1-2: Strikes out looking
Batting: LHB Jeff McNeil 0-0: Swinging Strike
0-1: Ball
1-1: Ball
2-1: Fly out, F9 (Flyball, 9LDF, EV 106.9 MPH)
Batting: RHB Yonathan Daza 0-0: Ball
1-0: SINGLE (Groundball, 4D, EV 103.1 MPH)
Batting: RHB Aaron Judge 0-0: Called Strike
Yonathan Daza steals 2nd base
0-1: Ball
1-1: Fly out, F8 (Flyball, 78D, EV 98.1 MPH)
Top of the 3rd over - 0 runs, 1 hit, 0 errors, 1 left on base; Milwaukee 1 - Miami 2
BOTTOM OF THE 3RD
Miami Marlins batting - Pitching for Milwaukee Brewers : LHP Yusei Kikuchi
Batting: LHB David Dahl 0-0: Swinging Strike
0-1: Called Strike
0-2: Ball
1-2: Ground out 6-3 (Groundball, 6, EV 87.5 MPH)
Batting: SHB Francisco Lindor 0-0: Ball
1-0: Swinging Strike
1-1: Ball
2-1: Called Strike
2-2: Fly out, F8 (Flyball, 8LXD, EV 108.8 MPH)
Batting: RHB Javier Baez 0-0: Ball
1-0: Swinging Strike
1-1: Foul Ball, location: 2F
1-2: Ball
2-2: Strikes out swinging
Bottom of the 3rd over - 0 runs, 0 hits, 0 errors, 0 left on base; Milwaukee 1 - Miami 2
TOP OF THE 4TH
Milwaukee Brewers batting - Pitching for Miami Marlins : LHP Blaine Hardy
Batting: LHB Eric Hosmer 0-0: Foul Ball, location: 2F
0-1: Fly out, F9 (Line Drive, 9, EV 108.1 MP[%N] 1-1: Grounds into double play, 6-4-3 (Groundball, 56, EV 108.1 MPH)
Batting: SHB Yangervis Solarte 0-0: Ball
1-0: Ball
2-0: Called Strike
2-1: Foul Ball, location: 2F
2-2: Ball
3-2: Base on Balls
Batting: LHB Greg Bird 0-0: Ball
1-0: Ground out 4-3 (Groundball, 4, EV 95.6 MPH)
Bottom of the 3rd over - 2 runs, 3 hits, 0 errors, 1 left on base; New York 0 - Boston 2
TOP OF THE 4TH
New York Yankees batting - Pitching for Boston Red Sox : LHP Marco Gonzales
Batting: RHB Ryan Braun 0-0: Ball
1-0: Ball
2-0: Called Strike
2-1: SINGLE (Groundball, 56D, EV 101.9 MPH)
Batting: RHB Eloy Jimenez 0-0: Ball
1-0: Foul Ball, location: 2F
Pickoff Throw to First - Out! 1-3
1-1: Ball
2-1: Ground out 6-3 (Groundball, 6, EV 84.4 MPH)
Batting: LHB Willie Calhoun 0-0: Ball
1-0: Fly out, F9 (Flyball, 89S, EV 93.8 MPH)
Top of the 4th over - 0 runs, 1 hit, 0 errors, 0 left on base; New York 0 - Boston 2
BOTTOM OF THE 4TH
Boston Red Sox batting - Pitching for New York Yankees : RHP Trevor Richards
Batting: RHB Tim Federowicz 0-0: Ball
1-0: Called Strike
1-1: Foul Ball, location: 2F
1-2: Ball
2-2: Hit by Pitch
Batting: RHB Pablo Reyes 0-0: Ball
1-0: Called Strike
1-1: Ball
2-1: Foul Ball, location: 2F
2-2: Foul Ball, location: 2F
2-2: Ball
3-2: Foul Ball, location: 2F
3-2: Foul Ball, location: 2F
3-2: Fly out, F8 (Line Drive, 8RD, EV 93.8 MPH)
Batting: RHB Albert Pujols 0-0: Foul Ball, location: 2F
0-1: Ball
1-1: Fly out, F7 (Flyball, 78M, EV 87.5 MPH)
Batting: LHB J.P. Crawford 0-0: Ball
1-0: Ground out 4-3 (Groundball, 4S, EV 93.8 MPH)
Bottom of the 4th over - 0 runs, 0 hits, 0 errors, 1 left on base; New York 0 - Boston 2
TOP OF THE 5TH
New York Yankees batting - Pitching for Boston Red Sox : LHP Marco Gonzales
Batting: RHB James McCann 0-0: Ball
1-0: Foul Ball, location: 2F
1-1: Foul Ball, location: 2F
1-2: Strikes out looking
Batting: LHB Tony Kemp 0-0: Called Strike
0-1: Ball
1-1: Ball
2-1: Ball
3-1: Foul Ball, location: 2F
3-2: SINGLE (Line Drive, 4M, EV 100.0 MPH)
Batting: RHB Garrett Hampson 0-0: Foul Ball, location: 2F
0-1: Ball
1-1: Swinging Strike
1-2: Foul Ball, location: 2F
1-2: Ball
2-2: TRIPLE (Flyball, 89XD, EV 107.5 MPH)
Tony Kemp scores
Batting: LHB Brandon Crawford 0-0: Called Strike
0-1: SINGLE (Groundball, 6, EV 101.9 MPH) (infield hit)
Garrett Hampson scores
Batting: RHB Anthony Rendon 0-0: Called Strike
0-1: Ball
1-1: Foul Ball, location: 2F
1-2: Ball
2-2: Ball
3-2: SINGLE (Line Drive, 9LS, EV 95.0 MPH)
Brandon Crawford to second
Batting: RHB Paul Goldschmidt 0-0: Ball
1-0: Fly out, F8 (Flyball, 8RS, EV 83.8 MPH)
Batting: RHB Ryan Braun 0-0: 3-RUN HOME RUN (Flyball, 9D, EV 96.3 MPH), Distance : 409 ft
Pitching: LHP Jordan Schafer
Batting: RHB Eloy Jimenez 0-0: Called Strike
0-1: Foul Ball, location: 2F
0-2: Ball
1-2: Strikes out looking
Top of the 5th over - 5 runs, 5 hits, 0 errors, 0 left on base; New York 5 - Boston 2
BOTTOM OF THE 5TH
Boston Red Sox batting - Pitching for New York Yankees : RHP Trevor Richards
Batting: LHB Jacoby Ellsbury 0-0: Ball
1-0: Ground out 1-3 (Groundball, 23, EV 81.3 MPH)
Batting: RHB Victor Robles 0-0: Ball
1-0: Ball
2-0: Called Strike
2-1: Ball
3-1: Ground out 6-3 (Groundball, 6, EV 105.6 MPH)
Batting: RHB Eduardo Nunez 0-0: Swinging Strike
0-1: Ground out 6-3 (Groundball, 6, EV 90.6 MPH)
Bottom of the 5th over - 0 runs, 0 hits, 0 errors, 0 left on base; New York 5 - Boston 2
TOP OF THE 6TH
New York Yankees batting - Pitching for Boston Red Sox : LHP Jordan Schafer
Batting: LHB Willie Calhoun 0-0: Foul Ball, location: 2F
0-1: Ball
1-1: Foul Ball, location: 2F
1-2: Strikes out looking
Batting: RHB James McCann 0-0: Swinging Strike
0-1: Called Strike
0-2: Ball
1-2: Strikes out swinging
Batting: LHB Tony Kemp 0-0: Called Strike
0-1: Foul Ball, location: 2F
0-2: Ball
1-2: Strikes out swinging
Top of the 6th over - 0 runs, 0 hits, 0 errors, 0 left on base; New York 5 - Boston 2
BOTTOM OF THE 6TH
Boston Red Sox batting - Pitching for New York Yankees : RHP Trevor Richards
Batting: SHB Yangervis Solarte 0-0: Ground out U3 (Groundball, 3L, EV 94.4 MPH)
Batting: LHB Greg Bird 0-0: Ball
1-0: Ground out 1-3 (Groundball, 34S, EV 88.1 MPH)
Batting: RHB Tim Federowicz 0-0: Fly out, F9 (Flyball, 89S, EV 96.3 MPH)
Bottom of the 6th over - 0 runs, 0 hits, 0 errors, 0 left on base; New York 5 - Boston 2
TOP OF THE 7TH
New York Yankees batting - Pitching for Boston Red Sox : LHP Jordan Schafer
Pitching: RHP Jason Hammel
Batting: RHB Garrett Hampson 0-0: Ball
1-0: Ball
2-0: Bunt for hit to 2R - play at first, batter OUT! 2-3
Batting: LHB Brandon Crawford 0-0: Ball
1-0: Called Strike
1-1: Called Strike
1-2: Strikes out swinging
Batting: RHB Anthony Rendon 0-0: Ground out U3 (Groundball, 3S, EV 64.4 MPH)
Top of the 7th over - 0 runs, 0 hits, 0 errors, 0 left on base; New York 5 - Boston 2
BOTTOM OF THE 7TH
Boston Red Sox batting - Pitching for New York Yankees : RHP Trevor Richards
Batting: RHB Pablo Reyes 0-0: Ball
1-0: Foul Ball, location: 2F
1-1: Ball
2-1: Swinging Strike
2-2: Strikes out looking
Batting: RHB Albert Pujols 0-0: Ball
1-0: Called Strike
1-1: Ball
2-1: Ball
3-1: Called Strike
3-2: Foul Ball, location: 2F
3-2: Base on Balls
Batting: LHB J.P. Crawford 0-0: Ball
1-0: Ball
2-0: Foul Ball, location: 2F
2-1: Foul Ball, location: 2F
2-2: Foul Ball, location: 2F
2-2: Grounds into double play, 6-4-3 (Groundball, 6, EV 83.8 MPH)
Bottom of the 7th over - 0 runs, 0 hits, 0 errors, 0 left on base; New York 5 - Boston 2
TOP OF THE 8TH
New York Yankees batting - Pitching for Boston Red Sox : RHP Jason Hammel
Pitching: RHP Tyson Ross
Batting: RHB Paul Goldschmidt 0-0: Called Strike
0-1: DOUBLE (Line Drive, 7LS, EV 10[%B] Batt[%B] Batting: RHB Ryan B[%N] 0-0:[%N] 0-0: Inten[%N] 0-1: Fo[%B] Batting: RHB 1-2: Ball
2-2: SINGLE (Line Drive, 6M, EV 101.9 MPH)
Pitching: RHP Jordan Hicks
Batting: LHB Jeff McNeil 0-0: Swinging Strike
0-1: Ball
1-1: Foul Ball, location: 2F
1-2: Foul Ball, location: 2F
1-2: Foul Ball, location: 2F
1-2: Strikes out swinging
Batting: RHB Yonathan Daza 0-0: Ball
1-0: Ball
2-0: Fielders Choice at 2nd, 6-4 (Groundball, 6, EV 103.8 MPH)
Top of the 8th over - 0 runs, 1 hit, 0 errors, 1 left on base; Milwaukee 1 - Miami 2
BOTTOM OF THE 8TH
Miami Marlins batting - Pitching for Milwaukee Brewers : RHP DJ Johnson
Pitching: RHP Robert Stock
Batting: RHB Miguel Andujar 0-0: Ball
1-0: Ball
2-0: Ball
3-0: Fly out, F8 (Flyball, 78M, EV 86.3 MPH)
Batting: LHB Max Kepler 0-0: Ball
1-0: Called Strike
1-1: Ball
2-1: Ball
3-1: Foul Ball, location: 2F
[%N] 2-2: Fielders Choice at [%N] 3-2: Base on Balls
Batting: RHB C.J. Cron 0-0: Called Strike
0-1: Foul Ball, location: 2F
0-2: Ball
1-2: Strikes out looking
Pitching: RHP
TOP OF THE 9TH
New York Yankees batting [%N] 0-2: Ball
1-2: Fly out, F5 (Popup, 5S, EV 73.1 MPH)
Bottom of the 8th over - 0 runs, 0 hits, 0 errors, 1 left on base; Milwaukee 1 - Miami 2
TOP OF THE 9TH
Milwaukee Brewers batting - Pitching for Miami Marlins : RHP Jordan Hicks
Pitching: RHP
Batting: LHB Tony Kemp 0-0: Called Strike
0-1: Ball
1-1: Called Strike
1-2: Strikes out looking
Batting: RHB Garrett Hampson 0-0: Ball
1-0: Ball
2-0: DOUBLE (Line Drive, 9LD, EV 102.5 MPH)
Batting: LHB Brandon Crawford 0-0: Called Strike
0-1: Ball
1-1: Swinging Strike
1-2: Ball
2-2: Strikes out swinging
Top of the 9th over - 0 runs, 1 hit, 0 errors, 1 left on base; New York 5 - Boston 2
BOTTOM OF THE 9TH
Boston Red Sox batting - Pitching for New York Yankees : RHP Shane Greene
Pitching: RHP Wade Davis
Batting: LHB Greg Bird 0-0: Foul Ball, location: 2F
0-1: Swinging Strike
0-2: Foul Ball, location: 2F
0-2: Ball
1-2: Foul Ball, location: 2F
1-2: SINGLE (Line Drive, 4M, EV 106.9 MPH)
Batting: RHB Tim Federowicz 0-0: Called Strike
0-1: Ball
1-1: Ball
2-1: Called Strike
2-2: Foul Ball, location: 2F
2-2: Strikes out swinging
Batting: RHB Pablo Reyes 0-0: Called Strike
0-1: Swinging Strike
0-2: Ball
1-2: Ball
2-2: Ball
3-2: Base on Balls
Greg Bird to second
Pitching: LHP Felipe Vazquez
Batting: RHB Albert Pujols 0-0: Called Strike
0-1: Fielders Choice at 2nd, 1-6 (Groundball, 34S, EV 80.0 MPH)
Greg Bird to third
Batting: LHB J.P. Crawford 0-0: Fly out, F8 (Flyball, 8RS, EV 89.4 MPH)
Bottom of the 9th over - 0 runs, 1 hit, 0 errors, 2 left on base; New York 5 - Boston 2
Saturday, December 14th, 2019 - OOTP Baseball 20.8 Build 73